SA
BELLEVUE BRUINS @ CONNETQUOT CHIEFS
09/02/2020
 
TOP OF THE 1ST
Bellevue Bruins batting - Pitching for Connetquot Chiefs : RHP Ron Madison
Pitching: RHP Ron Madison
Batting: RHB Manuel Becerra 0-0: Reached on error, E5 (Groundball, 5S)
Batting: RHB Edgar González 0-0: Called Strike
Manuel Becerra steals 2nd base
0-1: Ball
1-1: Ball
2-1: Ball
3-1: Foul Ball, location: 2F
3-2: Strikes out swinging
Batting: RHB Leo Shoemaker 0-0: Called Strike
0-1: Foul Ball, location: 2F
0-2: Ball
1-2: Strikes out swinging
Batting: SHB Ernesto Valenzuela 0-0: Ball
1-0: Ball
2-0: Foul Ball, location: 2F
2-1: Foul Ball, location: 2F
2-2: Strikes out swinging
Top of the 1st over - 0 run(s), 0 hit(s), 1 error(s), 1 left on base; Bellevue 0 - Connetquot 0
BOTTOM OF THE 1ST
Connetquot Chiefs batting - Pitching for Bellevue Bruins : RHP Joe Griffin
Pitching: RHP Joe Griffin
Batting: LHB Keith Alexander 0-0: Fly out, F8 (Flyball, 8LM)
Batting: SHB Antonio Vaccarini 0-0: Ball
1-0: Foul Ball, location: 2F
1-1: Ball
2-1: Ball
3-1: Base on Balls
Batting: RHB José Magana 0-0: Ball
1-0: Ball
2-0: Foul Ball, location: 2F
2-1: SINGLE (Line Drive, 4MD)
Antonio Vaccarini to second
Batting: RHB Miguel Rodríguez 0-0: Fly out, F3 (Popup, 3DF)
Batting: RHB Rafael Canseco 0-0: Called Strike
0-1: Ball
1-1: Swinging Strike
1-2: Foul Ball, location: 2F
1-2: Strikes out swinging
Bottom of the 1st over - 0 run(s), 1 hit(s), 0 error(s), 2 left on base; Bellevue 0 - Connetquot 0
TOP OF THE 2ND
Bellevue Bruins batting - Pitching for Connetquot Chiefs : RHP Ron Madison
Batting: RHB José Carlos Pérez 0-0: SINGLE (Groundball, 56D)
Batting: RHB Jim Unknown 0-0: Ball
1-0: Foul Ball, location: 2F
1-1: Ball
2-1: Called Strike
2-2: Strikes out looking
Batting: RHB Jim Unknown 0-0: Ball
1-0: Ground out 5-3 (Groundball, 5S)
José Carlos Pérez to second
Batting: RHB Jim Unknown 0-0: Called Strike
0-1: Foul Ball, location: 2F
0-2: Ball
1-2: Ball
2-2: Ball
3-2: Base on Balls
Batting: RHB Jim Unknown 0-0: Ball
1-0: Ball
2-0: Swinging Strike
2-1: Foul Ball, location: 2F
2-2: Ball
3-2: DOUBLE (Line Drive, 5D)
José Carlos Pérez scores
Jim Unknown to third
Jim Unknown scores
Batting: RHB Manuel Becerra 0-0: Ball
1-0: Swinging Strike
1-1: Swinging Strike
1-2: Strikes out looking
Top of the 2nd over - 2 run(s), 2 hit(s), 0 error(s), 1 left on base; Bellevue 2 - Connetquot 0
BOTTOM OF THE 2ND
Connetquot Chiefs batting - Pitching for Bellevue Bruins : RHP Joe Griffin
Batting: RHB Fred Burt 0-0: Foul Ball, location: 2F
0-1: Fly out, F8 (Flyball, 8LM)
Batting: LHB Ubbe van Antwerpen 0-0: Ground out U3 (Groundball, 3L)
Batting: RHB Lúcio Marín 0-0: SINGLE (Groundball, 15) (infield hit)
Batting: RHB Bert Motevassel 0-0: Called Strike
0-1: Fielders Choice at 2nd, 6-4 (Groundball, 6)
Bottom of the 2nd over - 0 run(s), 1 hit(s), 0 error(s), 0 left on base; Bellevue 2 - Connetquot 0
TOP OF THE 3RD
Bellevue Bruins batting - Pitching for Connetquot Chiefs : RHP Ron Madison
Batting: RHB Edgar González 0-0: Fly out, F6 (Popup, 6D)
Batting: RHB Leo Shoemaker 0-0: Swinging Strike
0-1: Foul Ball, location: 2F
0-2: Ball
1-2: Strikes out swinging
Batting: SHB Ernesto Valenzuela 0-0: Ball
1-0: Ground out 4-3 (Groundball, 4)
Top of the 3rd over - 0 run(s), 0 hit(s), 0 error(s), 0 left on base; Bellevue 2 - Connetquot 0
BOTTOM OF THE 3RD
Connetquot Chiefs batting - Pitching for Bellevue Bruins : RHP Joe Griffin
Batting: LHB Keith Alexander 0-0: Ball
1-0: SINGLE (Line Drive, 6M)
Batting: SHB Antonio Vaccarini 0-0: Ball
1-0: Foul Ball, location: 2F
1-1: Ball
2-1: Swinging Strike
2-2: Foul Ball, location: 2F
2-2: Strikes out swinging
Batting: RHB José Magana 0-0: Ball
1-0: SINGLE (Groundball, 4MD)
Keith Alexander to second
Batting: RHB Miguel Rodríguez 0-0: Called Strike
Keith Alexander steals 3rd base
José Magana to second
0-1: Fly out, F9 (Flyball, 9M)
Runner from 3rd tags up, SCORES, throw made
Batting: RHB Rafael Canseco 0-0: Ball
1-0: Ball
2-0: Ball
3-0: Foul Ball, location: 2F
3-1: Swinging Strike
3-2: SINGLE (Line Drive, 4D)
José Magana to third
José Magana scores
Batting: RHB Fred Burt 0-0: Ball
1-0: Ball
2-0: Called Strike
2-1: Foul Ball, location: 2F
2-2: Ball
3-2: Foul Ball, location: 2F
3-2: SINGLE (Groundball, 6D)
Rafael Canseco to second
Rafael Canseco to third
Batting: LHB Ubbe van Antwerpen 0-0: Called Strike
0-1: Swinging Strike
0-2: Strikes out swinging
Bottom of the 3rd over - 2 run(s), 4 hit(s), 0 error(s), 2 left on base; Bellevue 2 - Connetquot 2
TOP OF THE 4TH
Bellevue Bruins batting - Pitching for Connetquot Chiefs : RHP Ron Madison
Batting: RHB José Carlos Pérez 0-0: Ground out 4-3 (Groundball, 4D)
Batting: RHB Jim Unknown 0-0: Foul Ball, location: 2F
0-1: Called Strike
0-2: Foul Ball, location: 2F
0-2: Ball
1-2: Ball
2-2: Ball
3-2: Base on Balls
Batting: RHB Jim Unknown 0-0: DOUBLE (Line Drive, 7LS)
Jim Unknown to third
Runner from 3rd tries for Home, SAFE, throw made at trailing runner, SAFE at third!
Batting: RHB Jim Unknown 0-0: Intentional Walk
Batting: RHB Jim Unknown 0-0: Fly out, F4 (Line Drive, 4)
Batting: RHB Manuel Becerra 0-0: Ball
1-0: Swinging Strike
1-1: Foul Ball, location: 2F
1-2: Strikes out looking
Top of the 4th over - 1 run(s), 1 hit(s), 0 error(s), 2 left on base; Bellevue 3 - Connetquot 2
BOTTOM OF THE 4TH
Connetquot Chiefs batting - Pitching for Bellevue Bruins : RHP Joe Griffin
Batting: RHB Lúcio Marín 0-0: Called Strike
0-1: Foul Ball, location: 2F
0-2: Ball
1-2: Fly out, F3 (Line Drive, 3S)
Batting: RHB Bert Motevassel 0-0: Called Strike
0-1: Foul Ball, location: 2F
0-2: Ball
1-2: Ground out 4-3 (Groundball, 13)
Batting: LHB Keith Alexander 0-0: Ball
1-0: Foul Ball, location: 2F
1-1: SINGLE (Line Drive, 6MD)
Batting: SHB Antonio Vaccarini 0-0: Ball
1-0: Called Strike
1-1: Ball
2-1: Ball
3-1: Base on Balls
Keith Alexander to second
Batting: RHB José Magana 0-0: Ball
1-0: Foul Ball, location: 2F
1-1: Called Strike
1-2: Strikes out swinging
Bottom of the 4th over - 0 run(s), 1 hit(s), 0 error(s), 2 left on base; Bellevue 3 - Connetquot 2
TOP OF THE 5TH
Bellevue Bruins batting - Pitching for Connetquot Chiefs : RHP Ron Madison
Batting: RHB Edgar González 0-0: Ball
1-0: Foul Ball, location: 2F
1-1: Bunt for hit - play at first, batter OUT! 1-3
Batting: RHB Leo Shoemaker 0-0: Ground out 2-3 (Groundball, 2L)
Batting: SHB Ernesto Valenzuela 0-0: Swinging Strike
0-1: Ball
1-1: Swinging Strike
1-2: Fly out, F8 (Flyball, 8LM)
Top of the 5th over - 0 run(s), 0 hit(s), 0 error(s), 0 left on base; Bellevue 3 - Connetquot 2
BOTTOM OF THE 5TH
Connetquot Chiefs batting - Pitching for Bellevue Bruins : RHP Joe Griffin
Batting: RHB Miguel Rodríguez 0-0: Ball
1-0: SINGLE (Groundball, 6M)
Batting: RHB Rafael Canseco Pickoff Throw to First - Out!
0-0: Ball
1-0: Foul Ball, location: 2F
1-1: Called Strike
1-2: Foul Ball, location: 2F
1-2: Strikes out looking
Batting: RHB Fred Burt 0-0: Ball
1-0: Ball
2-0: Fly out, F9 (Line Drive, 9S)
Bottom of the 5th over - 0 run(s), 1 hit(s), 0 error(s), 0 left on base; Bellevue 3 - Connetquot 2
TOP OF THE 6TH
Bellevue Bruins batting - Pitching for Connetquot Chiefs : RHP Ron Madison
Batting: RHB José Carlos Pérez 0-0: Ball
1-0: Foul Ball, location: 2F
1-1: Foul Ball, location: 2F
1-2: Strikes out swinging
Batting: RHB Jim Unknown 0-0: Foul Ball, location: 2F
0-1: Fly out, F7 (Flyball, 7M)
Batting: RHB Jim Unknown 0-0: Ball
1-0: Foul Ball, location: 2F
1-1: Called Strike
1-2: Strikes out swinging
Top of the 6th over - 0 run(s), 0 hit(s), 0 error(s), 0 left on base; Bellevue 3 - Connetquot 2
BOTTOM OF THE 6TH
Connetquot Chiefs batting - Pitching for Bellevue Bruins : RHP Joe Griffin
Batting: LHB Ubbe van Antwerpen 0-0: Called Strike
0-1: Ball
1-1: Ground out 4-3 (Groundball, 4M)
Batting: RHB Lúcio Marín 0-0: Fly out, F5 (Popup, 56S)
Batting: RHB Bert Motevassel 0-0: Ball
1-0: Fly out, F3 (Line Drive, 34)
Bottom of the 6th over - 0 run(s), 0 hit(s), 0 error(s), 0 left on base; Bellevue 3 - Connetquot 2
TOP OF THE 7TH
Bellevue Bruins batting - Pitching for Connetquot Chiefs : RHP Ron Madison
Batting: RHB Jim Unknown 0-0: Called Strike
0-1: Foul Ball, location: 2F
0-2: Ball
1-2: Ball
2-2: Ball
3-2: Strikes out swinging
Batting: RHB Jim Unknown 0-0: Ball
1-0: Ball
2-0: Swinging Strike
2-1: Called Strike
2-2: Strikes out swinging
Batting: RHB Manuel Becerra 0-0: Called Strike
0-1: Ball
1-1: Swinging Strike
1-2: Strikes out swinging
Top of the 7th over - 0 run(s), 0 hit(s), 0 error(s), 0 left on base; Bellevue 3 - Connetquot 2
BOTTOM OF THE 7TH
Connetquot Chiefs batting - Pitching for Bellevue Bruins : RHP Joe Griffin
Batting: LHB Keith Alexander 0-0: Ball
1-0: SINGLE (Flyball, 8LS)
Batting: SHB Antonio Vaccarini 0-0: Sac Bunt - play at first, batter OUT! 3-4
Keith Alexander to second
Batting: RHB José Magana 0-0: Called Strike
0-1: Fly out, F7 (Flyball, 7D)
Runner from 2nd tags up, SAFE at 3rd, no throw
Pinch Hitting: RHB Francisco García 0-0: Ball
1-0: Called Strike
1-1: Ball
2-1: Ball
3-1: Base on Balls
Pinch Hitting: RHB Jim Unknown 0-0: Ball
1-0: Foul Ball, location: 2F
1-1: SINGLE (Line Drive, 7S)
Keith Alexander scores
Francisco García to second
Batting: RHB Fred Burt 0-0: Ball
1-0: Swinging Strike
1-1: SINGLE (Groundball, 6MD)
Francisco García to third
Jim Unknown to second
Runner from 3rd tries for Home, SAFE, no throw or cutoff
Pinch Runner at 2nd Jim Unknown:
Batting: LHB Ubbe van Antwerpen 0-0: Fly out, F5 (Popup, 5F)
Bottom of the 7th over - 2 run(s), 3 hit(s), 0 error(s), 2 left on base; Bellevue 3 - Connetquot 4
TOP OF THE 8TH
Bellevue Bruins batting - Pitching for Connetquot Chiefs : RHP Ron Madison
Now at 1B: Jesús Rodríguez
Now in LF: Francisco García
Batting: RHB Edgar González 0-0: Ball
1-0: Ball
2-0: Called Strike
2-1: SINGLE (Line Drive, 5D)
Batting: RHB Leo Shoemaker 0-0: Called Strike
0-1: Ground out 5-3 (Groundball, 56S)
Edgar González to second
Batting: SHB Ernesto Valenzuela 0-0: Ball
1-0: Ball
Wild Pitch!
Edgar González to third
2-0: Ball
3-0: Base on Balls
Batting: RHB José Carlos Pérez 0-0: Ball
1-0: Ball
2-0: Ball
3-0: Called Strike
3-1: Foul Ball, location: 2F
3-2: Strikes out looking
Batting: RHB Jim Unknown 0-0: Ball
1-0: Ground out 1-3 (Groundball, 15)
Top of the 8th over - 0 run(s), 1 hit(s), 0 error(s), 2 left on base; Bellevue 3 - Connetquot 4
BOTTOM OF THE 8TH
Connetquot Chiefs batting - Pitching for Bellevue Bruins : RHP Joe Griffin
Batting: RHB Lúcio Marín 0-0: Ball
1-0: Called Strike
1-1: Ball
2-1: SINGLE (Line Drive, 56D)
Batting: RHB Bert Motevassel 0-0: Ball
Lúcio Marín is caught stealing 2nd base
1-0: Ball
2-0: Called Strike
2-1: Called Strike
2-2: Foul Ball, location: 2F
2-2: Ball
3-2: Base on Balls
Pitching: RHP Jim Unknown
Batting: LHB Keith Alexander 0-0: Called Strike
0-1: Ball
1-1: Ball
2-1: Foul Ball, location: 2F
2-2: Ball
3-2: Strikes out swinging
Batting: SHB Antonio Vaccarini 0-0: Ball
Bert Motevassel steals 2nd base
1-0: Foul Ball, location: 2F
1-1: Foul Ball, location: 2F
1-2: Strikes out swinging
Bottom of the 8th over - 0 run(s), 1 hit(s), 0 error(s), 1 left on base; Bellevue 3 - Connetquot 4
TOP OF THE 9TH
Bellevue Bruins batting - Pitching for Connetquot Chiefs : RHP Ron Madison
Batting: RHB Jim Unknown 0-0: Ball
1-0: Foul Ball, location: 2F
1-1: Ball
2-1: Ball
3-1: Swinging Strike
3-2: Base on Balls
Pitching: RHP Mark Bell
Batting: RHB Jim Unknown 0-0: Swinging Strike
0-1: Ball
1-1: Bunted foul
1-2: Fielders Choice at 2nd, 3-6 (Groundball, 3)
Batting: RHB Jim Unknown 0-0: Ball
1-0: Ball
2-0: Called Strike
2-1: Ball
3-1: Fly out, F9 (Flyball, 9M)
Pinch Hitting: LHB Jim Unknown 0-0: Ball
1-0: Ball
2-0: Foul Ball, location: 2F
2-1: Ball
3-1: Called Strike
3-2: Foul Ball, location: 2F
3-2: Ground out 6-3 (Groundball, 6)
Top of the 9th over - 0 run(s), 0 hit(s), 0 error(s), 1 left on base; Bellevue 3 - Connetquot 4
This league is powered by Out of the Park Baseball, the baseball management simulation game for PC, Mac and Linux
Friday, October 23rd, 2015 - OOTP Baseball 16.9 Build 39